[Event "January 2 Early 2024"]
[Site "https://www.chess.com"]
[Date "2024.01.02"]
[Round "4"]
[White "Balla, Tamas-Kristof"]
[Black "Kornyukov, Alexey"]
[Result "1-0"]
[Board "158"]
[TimeControl "180+1"]
[WhiteFideId "1208497"]
[BlackFideId "4150457"]
[WhiteElo "2492"]
[BlackElo "2313"]
[WhiteTeam "ROU"]
[BlackTeam "RUS"]
[WhiteClock "0:00:17"]
[BlackClock "0:00:07"]

1. e4 c5 2. c3 Nc6 3. d4 cxd4 4. cxd4 d5 5. exd5 Qxd5 6. Nf3 Bg4 7. Nc3 Qe6+ 8. Be3 O-O-O 9. d5 Qf6 10. Be2 e6 11. Qa4 Bxf3 12. Bxf3 exd5 13. Nxd5 Qxb2 14. O-O Qa3 15. Qg4+ Kb8 16. Rab1 h5 17. Qg3+ Bd6 18. Qxg7 Be5 19. Qg5 Qd6 20. Nf4 Qh6 21. Rxb7+ Kxb7 22. Qxe5 Qf6 23. Rb1+ Kc8 24. Qc5 Ne7 25. h3 Qd6 26. Qb5 Qc7 27. Nd5 Nxd5 28. Bxd5 Rd6 29. Bf4 Rxd5 30. Qxd5 Qxf4 31. Qxc6+ Qc7 32. Qf6 Rd8 33. Qb2 Rd3 34. Rc1 Rd6 35. Rxc7+ Kxc7 36. Qg7 Rd1+ 37. Kh2 Rd7 38. Qh7 Kb6 39. Qxh5 Kc6 40. Qh6+ Rd6 41. Qe3 Kd5 42. h4 Kc4 43. h5 Rd3 44. Qe4+ Rd4 45. Qc6+ Kd3 46. h6 Rh4+ 47. Kg3 Rxh6 48. Qxh6 f5 49. Qe3+ Kc4 50. Qf4+ Kc3 51. Qxf5 a5 52. Qxa5+ Kd3 53. Qd5+ Kc3 54. a4 Kb2 55. Qd3 Kc1 56. Qe2 Kb1 57. Qd2 Ka1 58. Kf3 Kb1 59. Ke3 Ka1 60. Kd3 Kb1 61. Kc3 Ka1 62. Qb2# 1-0

[Event "January 2 Early 2024"]
[Site "https://www.chess.com"]
[Date "2024.01.02"]
[Round "4"]
[White "Limontaite, Simona"]
[Black "Lebedev, Artem S."]
[Result "0-1"]
[Board "159"]
[TimeControl "180+1"]
[WhiteFideId "12802506"]
[BlackFideId "34272747"]
[WhiteElo "2310"]
[BlackElo "2488"]
[WhiteTeam "LTU"]
[BlackTeam "RUS"]
[WhiteClock "0:00:00"]
[BlackClock "0:00:05"]

1. d4 Nf6 2. c4 c5 3. d5 e6 4. Nc3 exd5 5. cxd5 d6 6. e4 g6 7. Nf3 Bg7 8. h3 O-O 9. Bd3 Re8 10. O-O Nbd7 11. Re1 Ne5 12. Be2 Nxf3+ 13. Bxf3 Nd7 14. g3 Ne5 15. Bg2 g5 16. f4 gxf4 17. gxf4 Ng6 18. Qh5 Kh8 19. Bd2 Rg8 20. Kh1 Nh4 21. Re2 Bd4 22. f5 Qf6 23. Bf4 Bd7 24. Rc1 Nxg2 25. Rxg2 Rxg2 26. Kxg2 Rg8+ 27. Kh1 b5 28. Ne2 Bxb2 29. Rg1 Rxg1+ 30. Kxg1 c4 31. Kh1 c3 32. Qf3 c2 33. Qd3 Qh4 34. Kg2 Qxf4 35. Qxc2 Qg5+ 36. Kf3 Qf6 0-1

[Event "January 2 Early 2024"]
[Site "https://www.chess.com"]
[Date "2024.01.02"]
[Round "4"]
[White "Skaric, Djuro"]
[Black "Shishkov, Andrei"]
[Result "0-1"]
[Board "160"]
[TimeControl "180+1"]
[WhiteFideId "934569"]
[BlackFideId "4500563"]
[WhiteElo "2302"]
[BlackElo "2488"]
[WhiteTeam "SRB"]
[BlackTeam "EST"]
[WhiteClock "0:00:00"]
[BlackClock "0:00:10"]

1. g3 d5 2. Bg2 c6 3. d3 e5 4. Nf3 Bd6 5. O-O Nf6 6. Nc3 d4 7. Ne4 Nxe4 8. dxe4 O-O 9. h3 c5 10. Ne1 Nc6 11. f4 exf4 12. gxf4 Qh4 13. e5 Bc7 14. Kh2 f6 15. Nf3 Qh5 16. e4 fxe5 17. f5 Bd7 18. Qe2 Kh8 19. Bd2 Rae8 20. Qf2 Nb4 21. Bxb4 cxb4 22. Ne1 Bb5 23. Nd3 Bd6 24. Qg3 Rc8 25. Bf3 Qh6 26. Rf2 Rc7 27. Rg1 Qf6 28. h4 Rfc8 29. Rgg2 a5 30. Kh3 a4 31. Nc1 Bf8 32. Rd2 a3 33. bxa3 bxa3 34. Nb3 Rc3 35. Qg4 Be8 36. Kh2 h5 37. Qg3 Be7 38. Kg1 R8c7 39. Rh2 Bd8 40. Qf2 Re3 41. Bd1 Rcc3 42. Re2 Rg3+ 43. Kf1 Rh3 44. Rg2 Qxh4 45. Ke1 Rh1+ 46. Kd2 Qxf2 47. Rexf2 h4 48. Rh2 Rxh2 49. Rxh2 Kg8 50. Be2 Rg3 51. Bd3 Bg5+ 52. Ke2 Bh5+ 53. Kf2 Rf3+ 54. Kg2 Bg4 55. Nc5 h3+ 56. Kg1 Be3+ 57. Kh1 Rg3 0-1

[Event "January 2 Early 2024"]
[Site "https://www.chess.com"]
[Date "2024.01.02"]
[Round "4"]
[White "Hasanagic, Anel"]
[Black "Blokhin, Sofia"]
[Result "1-0"]
[Board "161"]
[TimeControl "180+1"]
[WhiteFideId "14605791"]
[BlackFideId "4508190"]
[WhiteElo "2487"]
[BlackElo "2301"]
[WhiteTeam "SLO"]
[BlackTeam "EST"]
[WhiteClock "0:00:20"]
[BlackClock "0:00:00"]

1. b4 d5 2. Bb2 e6 3. a3 Nf6 4. Nf3 c5 5. bxc5 Bxc5 6. e3 O-O 7. d4 Bd6 8. c4 dxc4 9. Bxc4 Nc6 10. O-O Nd5 11. Nc3 Nb6 12. Ba2 Ne7 13. Qd3 g6 14. d5 e5 15. e4 Bg4 16. Nd2 Nd7 17. f3 Qb6+ 18. Kh1 Bh5 19. Nc4 Qa6 20. Qe2 g5 21. g4 Bg6 22. Nxd6 Qxd6 23. Rfc1 Rac8 24. Qe3 h6 25. Qxa7 Nc5 26. Nb5 Qf6 27. Kg2 Nxe4 28. Qe3 Nd6 29. Bxe5 Nxd5 30. Bxd5 Qe7 31. Nxd6 Rcd8 32. Ba2 Rxd6 33. Re1 Rd3 34. Qf2 Rfd8 35. Bb2 Qc7 36. Re2 Qf4 37. Rae1 Rd2 38. Rxd2 Rxd2 39. Re2 Rd1 40. Bb3 h5 41. Bxd1 hxg4 42. fxg4 Qxg4+ 43. Kf1 Bd3 44. Ke1 Bxe2 45. Bxe2 Qa4 46. Qf6 Qa5+ 47. Bc3 1-0

[Event "January 2 Early 2024"]
[Site "https://www.chess.com"]
[Date "2024.01.02"]
[Round "4"]
[White "Garcia Almaguer, Juan Manuel"]
[Black "Eggleston, Thomas A"]
[Result "1-0"]
[Board "162"]
[TimeControl "180+1"]
[WhiteFideId "5110491"]
[BlackFideId "412139"]
[WhiteElo "2486"]
[BlackElo "2300"]
[WhiteTeam "MEX"]
[BlackTeam "ENG"]
[WhiteClock "0:00:33"]
[BlackClock "0:00:00"]

1. e4 e6 2. d4 d5 3. e5 c5 4. c3 Nc6 5. Nf3 Qb6 6. Bd3 Nh6 7. O-O cxd4 8. cxd4 Nf5 9. Bxf5 exf5 10. Nc3 Be6 11. Qb3 Qxb3 12. axb3 h6 13. Nb5 Kd7 14. h4 Be7 15. Rd1 a6 16. Nc3 Rag8 17. Na4 g5 18. hxg5 hxg5 19. g3 f4 20. Rd3 Bf5 21. Rc3 Bb4 22. Nb6+ Kd8 23. Nxd5 Bxc3 24. Nxc3 g4 25. Nh4 Be6 26. d5 fxg3 27. fxg3 Nxe5 28. dxe6 fxe6 29. Bf4 Nf3+ 30. Nxf3 gxf3 31. Rd1+ Kc8 32. Na4 b5 33. Nc5 e5 34. Bxe5 Rh5 35. Re1 Re8 36. Nd3 Kb7 37. Kf2 Ka8 38. Kxf3 a5 39. g4 Rh3+ 40. Ke4 1-0

[Event "January 2 Early 2024"]
[Site "https://www.chess.com"]
[Date "2024.01.02"]
[Round "4"]
[White "Lesbekova, Assel"]
[Black "Mekhane, Adam"]
[Result "0-1"]
[Board "163"]
[TimeControl "180+1"]
[WhiteFideId "13713248"]
[BlackFideId "36050601"]
[WhiteElo "2291"]
[BlackElo "2483"]
[WhiteTeam "KGZ"]
[BlackTeam "FRA"]
[WhiteClock "0:01:37"]
[BlackClock "0:00:48"]

1. e4 e5 2. Nf3 d6 3. d4 exd4 4. Nxd4 Nf6 5. Nc3 Be7 6. Bb5+ c6 7. Be2 O-O 8. O-O Re8 9. f3 d5 10. exd5 Nxd5 11. Nxd5 Qxd5 12. c4 Qd8 13. Nb3 Be6 14. Qxd8 Rxd8 15. Be3 Na6 16. Rfd1 b6 17. Nd4 Bd7 18. Kf2 Nc7 19. Rd2 Bf6 20. Rad1 Kf8 21. Bf4 Ne6 22. Nxe6+ Bxe6 23. Rxd8+ Rxd8 24. Rxd8+ Bxd8 25. Bb8 a6 26. c5 b5 27. a3 a5 28. Bd6+ Ke8 29. b4 axb4 30. axb4 Bf6 31. Bd3 Bc3 32. Be4 Kd7 33. Bxh7 Bxb4 34. Be4 Bc3 35. f4 b4 36. f5 Ba2 37. Ke3 b3 38. Kd3 Bf6 39. g4 Bb1+ 40. Ke3 Bxe4 0-1

[Event "January 2 Early 2024"]
[Site "https://www.chess.com"]
[Date "2024.01.02"]
[Round "4"]
[White "Coelho, Ramyres Santana"]
[Black "Korpics, Zsolt"]
[Result "0-1"]
[Board "164"]
[TimeControl "180+1"]
[WhiteFideId "2120690"]
[BlackFideId "705241"]
[WhiteElo "2290"]
[BlackElo "2483"]
[WhiteTeam "BRA"]
[BlackTeam "HUN"]
[WhiteClock "0:00:54"]
[BlackClock "0:00:17"]

1. e4 c5 2. Nf3 e6 3. d4 cxd4 4. c3 Nf6 5. e5 Nd5 6. cxd4 d6 7. Nc3 Nxc3 8. bxc3 Qc7 9. Bd2 Nd7 10. exd6 Bxd6 11. Bd3 O-O 12. O-O e5 13. dxe5 Nxe5 14. Nxe5 Bxe5 15. f4 Bxc3 16. Bxh7+ Kxh7 17. Qc2+ Kg8 18. Bxc3 Bf5 19. Qxf5 Qxc3 20. Rac1 Qe3+ 21. Kh1 Qe2 22. Rce1 Qxa2 23. Qg5 f6 24. Qg6 Qf7 25. Qg3 Rfe8 26. f5 a5 27. Rc1 Rac8 28. Ra1 b6 29. h4 Rc4 30. Rfb1 Ree4 31. Rxb6 Rxh4+ 32. Kg1 Rcg4 33. Qb8+ Kh7 34. Re6 Qh5 35. Re8 Rh1+ 36. Kf2 Qxf5+ 37. Ke3 Qg5+ 38. Kd3 Rg3+ 39. Kc4 Rh4+ 40. Re4 Rxe4# 0-1

[Event "January 2 Early 2024"]
[Site "https://www.chess.com"]
[Date "2024.01.02"]
[Round "4"]
[White "Gryshko, Vitalii"]
[Black "Antonio, Jorge Carlos"]
[Result "1-0"]
[Board "165"]
[TimeControl "180+1"]
[WhiteFideId "14174286"]
[BlackFideId "113190"]
[WhiteElo "2481"]
[BlackElo "2289"]
[WhiteTeam "UKR"]
[BlackTeam "ARG"]
[WhiteClock "0:00:08"]
[BlackClock "0:00:00"]

1. c4 e5 2. Nc3 Nc6 3. Nf3 f5 4. g3 Bb4 5. Bg2 e4 6. Ng1 Bxc3 7. bxc3 Nf6 8. d4 Na5 9. Qa4 b6 10. Nh3 O-O 11. c5 d5 12. cxb6 axb6 13. Qc2 Nc4 14. O-O h6 15. Nf4 c6 16. h4 Qe8 17. e3 Bd7 18. a4 g5 19. hxg5 hxg5 20. Nh3 Qg6 21. Ba3 Rf7 22. Rfb1 Rb8 23. a5 b5 24. a6 Rh7 25. a7 Ra8 26. Bc5 Be6 27. Ra6 Bd7 28. Rb4 f4 29. Nxg5 Qxg5 30. exf4 Qh5 31. Rxc4 Qh2+ 32. Kf1 Bg4 33. f3 Bxf3 34. Rb6 Bxg2+ 35. Qxg2 Qxg2+ 36. Kxg2 bxc4 37. Rb8+ Kf7 38. Rxa8 Kg6 39. Rf8 Rxa7 40. Bxa7 Kg7 41. Bc5 Ng4 42. Rd8 Ne3+ 43. Kh3 Nd1 44. Rd7+ Kf6 45. g4 e3 46. g5+ Ke6 47. Re7+ Kf5 48. Re5+ Kxf4 49. g6 Nf2+ 50. Kg2 Ne4 51. g7 e2 52. Rxe4+ Kxe4 53. Kf2 Kd3 54. g8=Q Kd2 55. Qg5+ Kd1 56. Qe3 1-0

[Event "January 2 Early 2024"]
[Site "https://www.chess.com"]
[Date "2024.01.02"]
[Round "4"]
[White "Postnikov, Daniil"]
[Black "Cardozo Munar, Carlos Eduardo"]
[Result "1-0"]
[Board "166"]
[TimeControl "180+1"]
[WhiteFideId "4166329"]
[BlackFideId "4409477"]
[WhiteElo "2478"]
[BlackElo "2289"]
[WhiteTeam "RUS"]
[BlackTeam "COL"]
[WhiteClock "0:00:19"]
[BlackClock "0:00:02"]

1. e4 e6 2. d4 d5 3. e5 c5 4. c3 Nc6 5. Nf3 Qb6 6. Bd3 Bd7 7. O-O cxd4 8. Re1 a6 9. h4 h6 10. Nbd2 dxc3 11. bxc3 Qc7 12. c4 Nge7 13. Ba3 dxc4 14. Nxc4 Nf5 15. Bxf8 Kxf8 16. Bxf5 exf5 17. Nd6 Be6 18. Qc2 g6 19. h5 Kg7 20. Rab1 Rab8 21. hxg6 fxg6 22. Nd4 Qd7 23. Nxe6+ Qxe6 24. Rxb7+ Rxb7 25. Nxb7 Rc8 26. Nd6 Rc7 27. Qc5 Kh7 28. Rc1 h5 29. Qb6 Qd7 30. Rc5 h4 31. Kh2 Kh6 32. a4 f4 33. Ne4 f3 34. Nf6 Qf5 35. Qxc7 Qf4+ 36. Kg1 fxg2 37. Qh7+ Kg5 38. e6+ Ne5 39. Nd7 Kg4 40. Nxe5+ Kh3 41. Rc3+ Qg3 42. Rxg3# 1-0

[Event "January 2 Early 2024"]
[Site "https://www.chess.com"]
[Date "2024.01.02"]
[Round "4"]
[White "Pourkashiyan, Atousa"]
[Black "Monpeurt, Cyrielle"]
[Result "1-0"]
[Board "167"]
[TimeControl "180+1"]
[WhiteFideId "12502014"]
[BlackFideId "677400"]
[WhiteElo "2476"]
[BlackElo "2283"]
[WhiteTeam "USA"]
[BlackTeam "FRA"]
[WhiteClock "0:00:11"]
[BlackClock "0:00:05"]

1. Nf3 c5 2. g3 Nc6 3. Bg2 g6 4. O-O Bg7 5. d3 d5 6. c3 e5 7. Nbd2 Nge7 8. e4 d4 9. Nc4 O-O 10. a4 a6 11. cxd4 cxd4 12. Bg5 h6 13. Bxe7 Qxe7 14. a5 Be6 15. Nb6 Rad8 16. Qa4 f5 17. Rfe1 fxe4 18. dxe4 Bg4 19. Nd5 Qf7 20. Ra3 d3 21. Rxd3 Nd4 22. Ree3 Rxd5 23. exd5 e4 24. Rxd4 Bxd4 25. Qxd4 exf3 26. Bf1 h5 27. d6 Qf6 28. Qd5+ Kh8 29. Qxb7 Qxd6 30. Re7 Qf6 31. Rh7+ Kg8 32. Rh6 Re8 33. Qh7+ Kf8 34. Rxg6 Qxb2 35. Qh6+ Kf7 36. Rb6 Qg7 37. Qf4+ Kg8 38. Bc4+ Kh8 39. Rh6+ Qh7 40. Rxh7+ Kxh7 41. Qf7+ Kh6 42. Qxe8 1-0

[Event "January 2 Early 2024"]
[Site "https://www.chess.com"]
[Date "2024.01.02"]
[Round "4"]
[White "Vanek, Tomas"]
[Black "Gutierrez Olivares, Daniel"]
[Result "0-1"]
[Board "168"]
[TimeControl "180+1"]
[WhiteFideId "313459"]
[BlackFideId "2264005"]
[WhiteElo "2269"]
[BlackElo "2475"]
[WhiteTeam "CZE"]
[BlackTeam "ESP"]
[WhiteClock "0:01:12"]
[BlackClock "0:02:09"]

1. e4 e6 2. d4 d5 3. Nc3 Bb4 4. e5 Ne7 5. Qg4 Nf5 6. Bd3 h5 7. Qf4 c5 8. Bxf5 exf5 9. Ne2 c4 10. O-O Be7 11. Qf3 Be6 12. Nf4 Nc6 13. Nxh5 Nxd4 14. Nxg7+ Kd7 15. Qd1 Bc5 16. Be3 Qh4 17. h3 Rag8 18. Nxe6 Rxg2+ 19. Kxg2 Qxh3+ 20. Kg1 Qh1# 0-1

[Event "January 2 Early 2024"]
[Site "https://www.chess.com"]
[Date "2024.01.02"]
[Round "4"]
[White "Azali, Tannaz"]
[Black "Minina, Veronika"]
[Result "1-0"]
[Board "169"]
[TimeControl "180+1"]
[WhiteFideId "12537721"]
[BlackFideId "4174780"]
[WhiteElo "2474"]
[BlackElo "2280"]
[WhiteTeam "IRI"]
[BlackTeam "RUS"]
[WhiteClock "0:02:47"]
[BlackClock "0:01:34"]

1. Nf3 Nf6 2. g3 g6 3. Bg2 Bg7 4. O-O O-O 5. c4 d6 6. Nc3 c5 7. Rb1 Nc6 8. a3 a6 9. b4 cxb4 10. axb4 Rb8 11. b5 axb5 12. Nxb5 Ne4 13. Qc2 Bf5 14. d3 Nc5 15. h3 Na6 16. Bd2 Nc5 17. e4 Bd7 18. d4 Ne6 19. d5 1-0

[Event "January 2 Early 2024"]
[Site "https://www.chess.com"]
[Date "2024.01.02"]
[Round "4"]
[White "Brankovic, Dejan"]
[Black "Player, Edmund C"]
[Result "0-1"]
[Board "170"]
[TimeControl "180+1"]
[WhiteFideId "921602"]
[BlackFideId "406520"]
[WhiteElo "2470"]
[BlackElo "2268"]
[WhiteTeam "SRB"]
[BlackTeam "ENG"]
[WhiteClock "0:00:08"]
[BlackClock "0:00:07"]

1. e4 Nf6 2. Nc3 e5 3. Bc4 Nc6 4. d3 Na5 5. Bb5 c6 6. Ba4 b5 7. Bb3 Bb4 8. Bd2 d6 9. Nge2 Nxb3 10. axb3 Be6 11. O-O Qb6 12. h3 O-O 13. Ng3 Bxc3 14. bxc3 d5 15. Qf3 dxe4 16. Nxe4 Nxe4 17. Qxe4 Rfe8 18. Be3 Qc7 19. b4 f5 20. Qh4 Bd5 21. Bc5 Qf7 22. f3 Re6 23. Qf2 a6 24. Rfe1 h6 25. Kh2 Kh7 26. Ra5 Qc7 27. Kh1 Rae8 28. Rxa6 e4 29. dxe4 fxe4 30. fxe4 Bxe4 31. Raa1 Qd7 32. Bd4 Rg6 33. Rxe4 Rxe4 34. Rf1 Qe6 35. Qf3 Re2 36. Rf2 Re1+ 37. Kh2 Qd6+ 38. Qf4 Qxf4+ 39. Rxf4 Re2 40. Rf2 Rxf2 41. Bxf2 Re6 42. Kg3 Re2 43. Bd4 Kg6 44. Kf3 Rxc2 45. g4 Kf7 46. h4 g6 47. Kf4 Ke6 48. Bg7 h5 49. gxh5 gxh5 50. Bd4 Rg2 51. Kf3 Rg4 52. Bf2 Kd5 53. Ke3 Kc4 54. Kd2 Rg2 55. Ke2 Rxf2+ 56. Kxf2 Kxc3 0-1

[Event "January 2 Early 2024"]
[Site "https://www.chess.com"]
[Date "2024.01.02"]
[Round "4"]
[White "Rodriguez Avila, Alvaro"]
[Black "Kubicka, Anna"]
[Result "1-0"]
[Board "171"]
[TimeControl "180+1"]
[WhiteFideId "24570249"]
[BlackFideId "1152254"]
[WhiteElo "2263"]
[BlackElo "2465"]
[WhiteTeam "ESP"]
[BlackTeam "POL"]
[WhiteClock "0:00:03"]
[BlackClock "0:00:00"]

1. e4 c5 2. Nf3 d6 3. d4 cxd4 4. Nxd4 Nf6 5. Nc3 a6 6. Bg5 Nbd7 7. Bc4 Qb6 8. Bb3 h6 9. Be3 Nc5 10. f3 Nxb3 11. axb3 Bd7 12. Qd2 Qc7 13. O-O Rc8 14. Rfd1 g6 15. h3 Bg7 16. f4 O-O 17. f5 g5 18. Qe2 Bc6 19. Bf2 b5 20. Rxa6 Bb7 21. Ncxb5 Bxa6 22. c4 Bxb5 23. Nxb5 Qb7 24. Re1 Ra8 25. Bd4 Nd7 26. Bxg7 Kxg7 27. h4 Nf6 28. hxg5 hxg5 29. Qd2 Nxe4 30. Rxe4 Ra1+ 31. Re1 Rxe1+ 32. Qxe1 Rh8 33. f6+ exf6 34. Qe3 Rh4 35. Nxd6 Qd7 36. c5 Qg4 37. Ne8+ Kg6 38. Qd3+ Qe4 39. Qxe4+ Rxe4 40. Nd6 Re6 41. b4 f5 42. b5 Re2 43. c6 Rc2 44. c7 Rxc7 45. b6 Rc2 46. b4 Rb2 47. b5 Rb1+ 48. Kf2 Rd1 49. b7 Rxd6 50. b8=Q Rf6 51. Qc8 f4 52. Qc5 g4 53. b6 Rf5 54. Qc2 Kg5 55. b7 g3+ 56. Kf3 Re5 57. Qd3 1-0

[Event "January 2 Early 2024"]
[Site "https://www.chess.com"]
[Date "2024.01.02"]
[Round "4"]
[White "Cueto, Jonny"]
[Black "Dyulgerov, Volen"]
[Result "0-1"]
[Board "172"]
[TimeControl "180+1"]
[WhiteFideId "3300145"]
[BlackFideId "2918978"]
[WhiteElo "2257"]
[BlackElo "2461"]
[WhiteTeam "BOL"]
[BlackTeam "BUL"]
[WhiteClock "0:00:04"]
[BlackClock "0:00:19"]

1. d4 e5 2. dxe5 d6 3. exd6 Bxd6 4. g3 h5 5. h4 Nf6 6. Bg5 Nc6 7. c3 Bg4 8. Nd2 Bxg3 9. fxg3 Ne5 10. Ndf3 Qe7 11. Bxf6 gxf6 12. Qa4+ b5 13. Qa3 b4 14. Qxb4 Nd3+ 15. Kd1 Nxb4 16. cxb4 O-O-O+ 17. Ke1 Qxb4+ 18. Kf2 Rhe8 19. Nh3 Bxf3 20. exf3 Qd2+ 21. Kg1 Qe3+ 22. Kh2 Rd2+ 23. Bg2 Qxf3 24. Nf4 Rg8 25. Nxh5 Qxg2# 0-1

[Event "January 2 Early 2024"]
[Site "https://www.chess.com"]
[Date "2024.01.02"]
[Round "4"]
[White "Namitbir Singh Walia"]
[Black "Slavin, Alexey"]
[Result "1-0"]
[Board "173"]
[TimeControl "180+1"]
[WhiteFideId "35071068"]
[BlackFideId "24104388"]
[WhiteElo "2457"]
[BlackElo "2246"]
[WhiteTeam "IND"]
[BlackTeam "RUS"]
[WhiteClock "0:00:02"]
[BlackClock "0:00:00"]

1. e4 Nc6 2. Nf3 d6 3. d4 Nf6 4. Bd3 Bg4 5. c3 e5 6. d5 Ne7 7. h3 Bd7 8. c4 Ng6 9. g3 Be7 10. Nc3 Qc8 11. h4 h6 12. h5 Nf8 13. Be2 N8h7 14. Be3 a6 15. Qd3 O-O 16. Nh4 Ng4 17. Bd2 Rb8 18. Nf5 Bxf5 19. exf5 Ngf6 20. g4 Nd7 21. Ne4 Qd8 22. Bd1 Ng5 23. f6 Bxf6 24. Bc2 Nxe4 25. Qxe4 Re8 26. Qh7+ Kf8 27. O-O-O b5 28. cxb5 Rxb5 29. Bc3 Rc5 30. Rhe1 Rxc3 31. bxc3 Nc5 32. f4 Ke7 33. fxe5 Bxe5 34. Qf5 Nd7 35. Rd2 Kf8 36. Rf2 Qg5+ 37. Qxg5 hxg5 38. Bf5 Nb6 39. Rd1 Kg8 40. Kc2 Nc4 41. Bd3 Ne3+ 42. Kd2 Nxd1 43. Kxd1 Bxc3 44. Bxa6 Ra8 45. Bc4 Be5 46. Bb3 Kf8 47. Rc2 Ke7 48. Rxc7+ Kf8 49. Ke2 Ra5 50. Kd3 Rb5 51. Rc4 Rb8 52. Kc2 Rb5 53. a4 Ra5 54. Rc8+ Ke7 55. Rc7+ Kf8 56. Rb7 Bd4 57. Rb4 Bc5 58. Rb7 Kg8 59. Kd3 Ra7 60. Rb8+ Kh7 61. Kc4 g6 62. Bc2 Kg7 63. hxg6 fxg6 64. Kb5 Kf6 65. a5 Ke5 66. a6 Kxd5 67. Bxg6 Ke5 68. Bf5 Kf4 69. Bc8 1-0

[Event "January 2 Early 2024"]
[Site "https://www.chess.com"]
[Date "2024.01.02"]
[Round "4"]
[White "Reprintsev, Alexander"]
[Black "Gottstein, Claudius-Thomas"]
[Result "1-0"]
[Board "174"]
[TimeControl "180+1"]
[WhiteFideId "14100541"]
[BlackFideId "4653327"]
[WhiteElo "2457"]
[BlackElo "2228"]
[WhiteTeam "UKR"]
[BlackTeam "GER"]
[WhiteClock "0:02:10"]
[BlackClock "0:02:08"]

1. e4 Nf6 2. e5 Nd5 3. d4 d6 4. c4 Nb6 5. f4 dxe5 6. fxe5 Nc6 7. Be3 Bf5 8. Nf3 e6 9. Nc3 Be7 10. Bd3 Bg6 11. O-O Qd7 12. d5 Bxd3 13. Qxd3 exd5 14. cxd5 Nb4 15. Qe4 N4xd5 16. Rad1 c6 17. Bxb6 a6 18. Nxd5 1-0

[Event "January 2 Early 2024"]
[Site "https://www.chess.com"]
[Date "2024.01.02"]
[Round "4"]
[White "Lye, Sverre"]
[Black "Gruzman, Ilya"]
[Result "1-0"]
[Board "175"]
[TimeControl "180+1"]
[WhiteFideId "1539353"]
[BlackFideId "2812703"]
[WhiteElo "2214"]
[BlackElo "2454"]
[WhiteTeam "NOR"]
[BlackTeam "ISR"]
[WhiteClock "0:00:50"]
[BlackClock "0:01:11"]

1. e4 c5 2. b3 e6 3. Bb2 d5 4. exd5 exd5 5. d4 Nc6 6. Nf3 Nf6 7. Be2 Bd6 8. dxc5 Bxc5 9. O-O Be6 10. Nbd2 O-O 11. c4 d4 12. Bd3 Rc8 13. a3 a5 14. h3 Qd7 15. Ne4 Nxe4 16. Bxe4 Rcd8 17. Qd2 Bf5 18. Rfe1 Bxe4 19. Rxe4 Rfe8 20. Rxe8+ Rxe8 21. Rd1 f6 22. Re1 Rxe1+ 23. Nxe1 Ne5 24. Nd3 Nxd3 25. Qxd3 Qd6 26. b4 axb4 27. axb4 Bxb4 28. Qxd4 Qxd4 29. Bxd4 Kf7 30. Kf1 Ke6 31. Ke2 Kd6 32. Kd3 Bc5 33. g3 b6 34. f3 Ke6 35. Bxc5 bxc5 36. Ke4 f5+ 37. Kd3 g5 38. f4 Kf6 39. Kc3 h5 40. h4 gxf4 41. gxf4 Ke6 42. Kb3 Kd6 43. Ka4 Kc6 44. Ka5 Kc7 45. Kb5 Kd6 46. Kb6 1-0

[Event "January 2 Early 2024"]
[Site "https://www.chess.com"]
[Date "2024.01.02"]
[Round "4"]
[White "Franchini, Gabriele"]
[Black "Beydullayeva, Govhar"]
[Result "0-1"]
[Board "176"]
[TimeControl "180+1"]
[WhiteFideId "806790"]
[BlackFideId "13413015"]
[WhiteElo "2212"]
[BlackElo "2448"]
[WhiteTeam "ITA"]
[BlackTeam "AZE"]
[WhiteClock "0:00:13"]
[BlackClock "0:00:01"]

1. e4 c5 2. Nc3 d6 3. f4 g6 4. Nf3 Bg7 5. Bc4 e6 6. O-O Nc6 7. d4 Nxd4 8. Be3 Ne7 9. Nxd4 cxd4 10. Bxd4 O-O 11. Bxg7 Kxg7 12. Kh1 Qb6 13. Bb3 Bd7 14. Qd2 Rad8 15. Rad1 Bb5 16. Rf3 Bc6 17. f5 Nxf5 18. exf5 Bxf3 19. f6+ Kxf6 20. Rf1 Kg7 21. Rxf3 d5 22. Ne2 e5 23. Bxd5 f5 24. c4 e4 25. Rh3 f4 26. Nxf4 e3 27. Qc3+ Rf6 28. Rxe3 Kf8 29. Qe5 Qd6 30. Ne6+ Qxe6 31. Qxe6 Rf1# 0-1

[Event "January 2 Early 2024"]
[Site "https://www.chess.com"]
[Date "2024.01.02"]
[Round "4"]
[White "RaneshRatnesan"]
[Black "Gatterer, Florian"]
[Result "1-0"]
[Board "177"]
[TimeControl "180+1"]
[BlackFideId "811688"]
[WhiteElo "2212"]
[BlackElo "2448"]
[BlackTeam "ITA"]
[WhiteClock "0:00:09"]
[BlackClock "0:00:00"]

1. d4 Nf6 2. c4 e6 3. Nc3 Bb4 4. a3 Bxc3+ 5. bxc3 c5 6. f3 O-O 7. e3 d6 8. Bd3 Nc6 9. Ne2 b6 10. O-O Ba6 11. e4 h6 12. Ng3 e5 13. d5 Ne7 14. f4 exf4 15. Bxf4 Ng6 16. Nf5 Nxf4 17. Rxf4 Nh7 18. Qe2 f6 19. Nh4 g5 20. Rg4 Bc8 21. Nf5 Bxf5 22. exf5 Re8 23. Re4 Rxe4 24. Qxe4 Nf8 25. Re1 Qd7 26. h4 a6 27. hxg5 hxg5 28. Kf2 Rb8 29. Re3 b5 30. Qg4 Re8 31. Re6 Nxe6 32. fxe6 Qg7 33. cxb5 axb5 34. Bxb5 f5 35. Qe2 Re7 36. Bd7 Qe5 37. Qxe5 dxe5 38. a4 Kg7 39. a5 Kf6 40. a6 Rh7 41. a7 Rh8 42. d6 Ra8 43. e7 Rxa7 44. e8=Q Ra2+ 45. Kg1 e4 46. Qe6+ Kg7 47. Qxf5 1-0

[Event "January 2 Early 2024"]
[Site "https://www.chess.com"]
[Date "2024.01.02"]
[Round "4"]
[White "Montano Vicente, Guadalupe"]
[Black "Micic, Aleksa"]
[Result "0-1"]
[Board "180"]
[TimeControl "180+1"]
[WhiteFideId "5181399"]
[BlackFideId "989940"]
[WhiteElo "2187"]
[BlackElo "2439"]
[WhiteTeam "MEX"]
[BlackTeam "SRB"]
[WhiteClock "0:00:12"]
[BlackClock "0:00:18"]

1. d4 Nf6 2. c4 e6 3. Nf3 d5 4. Nc3 dxc4 5. e4 Bb4 6. e5 Nd5 7. Bd2 Nb6 8. Qc2 Nc6 9. a3 Be7 10. Be3 Na5 11. Be2 Bd7 12. O-O Bc6 13. Nd2 Qd7 14. Rac1 O-O 15. Nce4 Nb3 16. Nxb3 cxb3 17. Qb1 Nd5 18. Nd2 Nxe3 19. fxe3 Bg5 20. Qd3 a6 21. Qxb3 Rad8 22. Nf3 Be7 23. Rc3 Bd5 24. Bc4 Bxc4 25. Qxc4 c6 26. Rfc1 Qd5 27. Qxd5 Rxd5 28. e4 Rd7 29. Rc4 Rfd8 30. b4 g5 31. h3 Kg7 32. Kf2 Ra8 33. Ke3 a5 34. R1c3 axb4 35. axb4 Ra4 36. Rb3 Rc7 37. g4 b5 38. Rc2 Rxb4 39. Rxb4 Bxb4 40. Nxg5 Be7 41. Nf3 b4 42. Rb2 Ra7 43. Rb3 Ra3 44. Nd2 Bg5+ 45. Kd3 Bxd2 46. Rxa3 bxa3 47. Kxd2 a2 48. Kc2 a1=Q 0-1

[Event "January 2 Early 2024"]
[Site "https://www.chess.com"]
[Date "2024.01.02"]
[Round "4"]
[White "Nemec, Jachym"]
[Black "Dargan, Paul A G"]
[Result "1-0"]
[Board "181"]
[TimeControl "180+1"]
[WhiteFideId "23716525"]
[BlackFideId "416762"]
[WhiteElo "2436"]
[BlackElo "2185"]
[WhiteTeam "CZE"]
[BlackTeam "ENG"]
[WhiteClock "0:01:41"]
[BlackClock "0:00:05"]

1. c4 e5 2. Nc3 Nc6 3. Nf3 Nf6 4. e3 Bb4 5. Nd5 Bd6 6. Qc2 O-O 7. Ng5 g6 8. h4 h5 9. a3 b6 10. Bd3 Nxd5 11. cxd5 Ne7 12. Ne4 Kg7 13. Nxd6 cxd6 14. e4 a5 15. Be2 Ba6 16. d3 Rc8 17. Qb3 Qc7 18. Be3 b5 19. O-O Qb7 20. Rfc1 f5 21. f3 f4 22. Bf2 Rxc1+ 23. Rxc1 Rc8 24. Rxc8 Qxc8 25. Qd1 Qc7 26. d4 Nc8 27. Qd2 a4 28. Bf1 Nb6 29. dxe5 dxe5 30. Qa5 Qb7 31. Qxb6 1-0

[Event "January 2 Early 2024"]
[Site "https://www.chess.com"]
[Date "2024.01.02"]
[Round "4"]
[White "Goldin, Roman"]
[Black "Chandra, Vania Vindy"]
[Result "1-0"]
[Board "182"]
[TimeControl "180+1"]
[WhiteFideId "2803860"]
[BlackFideId "7103441"]
[WhiteElo "2436"]
[BlackElo "2181"]
[WhiteTeam "ISR"]
[BlackTeam "INA"]
[WhiteClock "0:02:00"]
[BlackClock "0:00:46"]

1. e4 c6 2. d4 d5 3. f3 dxe4 4. fxe4 e5 5. Nf3 exd4 6. Bc4 Be6 7. Bxe6 fxe6 8. O-O Bc5 9. Ng5 Qe7 10. Rf7 Qxf7 11. Nxf7 Kxf7 12. Qh5+ g6 13. Qxc5 Nd7 14. Qxd4 Ngf6 15. e5 Rad8 16. exf6 Nxf6 17. Qf4 e5 18. Qc4+ Kg7 19. Nc3 Rd4 20. Qc5 Rhd8 21. Qe7+ Kg8 22. Qxf6 1-0